 Dungeon Crawl Stone Soup version 0.31-a0-968-g24f9ace8b5 (webtiles) character file.

Game seed: 14003134534469213498

2289 croobank the Sneak (level 9, 0/72 (75) HPs)
             Began as a White Draconian Delver on Oct 27, 2023.
             Was an Initiate of Ashenzari.
             Slain by Joseph
             ... wielding a +0 quarterstaff
              (13 damage)
             ... on level 7 of the Dungeon.
             The game lasted 00:25:03 (7113 turns).

croobank the Sneak (White Draconian Delver)         Turns: 7113, Time: 00:25:03

HP:   0/72 (75)     AC:  8    Str: 14    XL:     9   Next: 17%
MP:   16/16         EV: 13    Int: 19    God:    Ashenzari [......]
Gold: 255           SH:  0    Dex: 11    Spells: 12/17 levels left

rFire   . . .        t - +5 flail (holy)
rCold   + . .        (no shield)
rNeg    + . .        (body armour unavailable)
rPois   .            (helmet restricted)
rElec   .            g - +0 cloak of the Sidereal Sage {Dev, Cun} (curse)
rCorr   .            (no gloves)
SInv    .            (no boots)
Will    .....        (no amulet)
Stlth   +++          o - ring of positive energy
HPRegen 0.32/turn    (no ring)
MPRegen 0.15/turn

%: no passive effects
@: short of breath, lightly drained
A: breathe frost, AC +7, unfitting armour, cold resistance 1, cold-blooded,
clever 1
a: Breathe Frost, Renounce Religion, Shatter the Chains


You were on level 7 of the Dungeon.
You worshipped Ashenzari.
Ashenzari was noncommittal.
You visited 2 branches of the dungeon, and saw 8 of its levels.

You collected 255 gold pieces.

Inventory:

Hand Weapons
 a - a +0 short sword
 j - a +0 quarterstaff
 q - a +0 trident
 t - a +5 flail of holy wrath (weapon)
Missiles
 m - 10 poisoned darts
 n - 5 atropa-tipped darts
 p - 2 boomerangs (quivered)
Armour
 g - the cursed +0 cloak of the Sidereal Sage (worn) {Dev, Cun}
   (You found it on level 4 of the Dungeon)

   It has a curse which improves the following skills: Devices: Evocations and
   Shapeshifting.
   Cunning:   Dodging and Stealth.
Jewellery
 o - a ring of positive energy (left hand)
Wands
 f - a wand of digging (3)
 u - a wand of charming (10)
Scrolls
 c - 2 scrolls of revelation
 l - a scroll of brand weapon
Potions
 b - a potion of heal wounds
 d - 4 potions of enlightenment
 k - a potion of ambrosia {unknown}
 r - a potion of brilliance
 s - a potion of curing


   Skills:
 + Level 6.1 Fighting
 + Level 5.1 Short Blades
 + Level 4.5(4.9) Dodging
 + Level 6.4(6.8) Stealth
 * Level 4.8 Spellcasting
 + Level 2.5 Transmutations
 + Level 5.4 Ice Magic


You had 12 spell levels left.
You knew the following spells:

 Your Spells              Type           Power      Damage    Failure   Level
a - Wereblood             Tmut           14%        N/A       7%          2
b - Ozocubu's Armour      Ice            25%        N/A       4%          3

Your spell library contained the following spells:

 Spells                   Type           Power      Damage    Failure   Level
 Frozen Ramparts          Ice            50%        1d8       4%          3
 Apportation              Tloc           8%         N/A       13%         1
 Necrotise                Necr           16%        1d4       13%         1
 Summon Small Mammal      Summ           16%        N/A       13%         1
 Inner Flame              Hex/Fire       4%         N/A       36%         3
 Stone Arrow              Conj/Erth      8%         3d7       36%         3
 Petrify                  Tmut/Erth      9%         N/A       58%         4
 Metabolic Englaciation   Hex/Ice        7%         N/A       75%         5
 Flame Wave               Conj/Fire      4%         2d5       77%         4
 Sticky Flame             Conj/Fire      4%         2d3       77%         4
 Irradiate                Conj/Tmut      4%         3d13      91%         5
 Ozocubu's Refrigeration  Ice            12%        4d10      100%        7
 Lehudib's Crystal Spear  Conj/Erth      2%         10d2      100%        8
 Animate Armour           Summ/Erth      Unusable   N/A       N/A         4

Dungeon Overview and Level Annotations

Branches:
Dungeon (7/15)             Temple (1/1) D:5

Altars:
Ashenzari
Elyvilon
Gozag
Hepliaklqana
Kikubaaqudgha
Makhleb
Nemelex Xobeh
Okawaru
Ru
Sif Muna
Trog
Uskayaw
Vehumet
Wu Jian
Zin
The Shining One

Annotations:
D:2 Terence
D:7 Joseph


Innate Abilities, Weirdness & Mutations

You can breathe waves of freezing cold which knock back foes.
Your icy white scales are hard. (AC +7)
You cannot fit into any form of body armour.
Your flesh is cold resistant. (rC+)
You are cold-blooded and may be slowed by cold attacks.
Your mind is acute. (Int +4, Str/Dex -1)


Message History

Aiming: Charm
Press: ? - help, Shift-Dir - straight line, f/p - wight
Aim: a wight, wielding a +4 short sword and wearing a +0 robe (lightly damaged, chance to affect: 49%)
The wight resists with some effort.
The wight closely misses you.
Aiming: Charm
Press: ? - help, Shift-Dir - straight line, f/p - wight
Aim: a wight, wielding a +4 short sword and wearing a +0 robe (lightly damaged, chance to affect: 49%)
The wight resists with some effort.
The wight barely misses you.
Aiming: Charm
Press: ? - help, Shift-Dir - straight line, f/p - wight
Aim: a wight, wielding a +4 short sword and wearing a +0 robe (lightly damaged, chance to affect: 49%)
The wight is charmed.
Joseph hits your wight but does no damage.
Joseph hits your wight with a +0 quarterstaff!!
Your wight is destroyed!
Joseph hits you with a +0 quarterstaff!
Things that are here:
a +4 short sword; a +0 robe You hit Joseph.
Joseph is moderately wounded.
Joseph hits you with a +0 quarterstaff. Joseph barely misses you.
You barely miss Joseph. You tail-slap Joseph, but do no damage.
Joseph is moderately wounded.
Joseph hits you with a +0 quarterstaff.
You barely miss Joseph.
Joseph is lightly wounded.
Joseph hits you with a +0 quarterstaff!
You barely miss Joseph.
Joseph is lightly wounded.
Joseph misses you. Joseph hits you with a +0 quarterstaff.
You sock Joseph! You tail-slap Joseph.
Joseph is moderately wounded.
Joseph hits you with a +0 quarterstaff!
* * * LOW HITPOINT WARNING * * *
You hit Joseph.
Your tail-slap misses Joseph.
Joseph is moderately wounded.
Joseph hits you with a +0 quarterstaff!
* * * LOW HITPOINT WARNING * * *
Joseph hits you with a +0 quarterstaff!
You die...

.........+
#.......########
#.......'.......
#.......#######.
#.......+..(..#.
#.....†.#####.#. ###
###.............
#...#####.............
+...@@))'.............
#...#####.............
#.. #..'.............
#. #.##............. #
#.#########+#'### #.#
#.#.# #.# #.#.# #.#
#.#.# #.# #.#.#


You could see Joseph.

Vanquished Creatures
  Pikel (D:6)
  Edmund (D:6)
  2 water moccasins (D:6)
  An ice beast (D:6)
  A black bear (D:5)
  2 ogres (D:5)
  3 phantoms
  2 lemures (D:6)
  A kobold brigand (D:6)
  5 scorpions
  2 wights (D:7)
  A howler monkey (D:6)
  3 jellies
  2 hounds
  A sleepcap (D:5)
  A gnoll bouda (D:6)
  An iguana (D:5)
  A gnoll (D:1)
  9 adders
  A shadow imp (D:5)
  A white imp (D:7)
  2 ufetubi
  4 worms
  2 dart slugs
  10 orcs
  4 ball pythons (D:1)
  A bat (D:1)
  8 endoplasms
  A giant cockroach (D:3)
  8 goblins
  6 hobgoblins
  7 jackals
  3 quokkas
  2 frilled lizards
  6 kobolds
  A rat (D:2)
107 creatures vanquished.

Vanquished Creatures (others)
  A wight (D:7)
1 creature vanquished.

Grand Total: 108 creatures vanquished

Notes
Turn   | Place    | Note
-------+----------+-------------------------------------------
     0 | D:5      | croobank the Draconian Delver began the quest for the Orb.
     0 | D:5      | Reached XP level 1. HP: 19/19 MP: 1/1
    13 | D:6      | Noticed an ice beast
    19 | D:6      | Reached XP level 2. HP: 23/26 MP: 2/2
   197 | D:3      | Reached XP level 3. HP: 33/33 MP: 3/3
   268 | D:2      | Noticed Terence
   741 | D:1      | Reached XP level 4. HP: 40/40 MP: 4/4
  1022 | D:2      | Reached skill level 5 in Stealth
  1840 | D:3      | Reached XP level 5. HP: 46/46 MP: 5/5
  2168 | D:3      | Learned a level 2 spell: Wereblood
  2196 | D:3      | Found a faded altar of an unknown god.
  2541 | D:4      | Gained mutation: You are vulnerable to cold. (rC-) [potion
                  | of mutation]
  2541 | D:4      | Gained mutation: You passively map a small area around you.
                  | [potion of mutation]
  2542 | D:4      | Lost mutation: You passively map a small area around you.
                  | [potion of mutation]
  2542 | D:4      | Lost mutation: You are vulnerable to cold. (rC-) [potion of
                  | mutation]
  2542 | D:4      | Gained mutation: You occasionally shout uncontrollably at
                  | your foes. [potion of mutation]
  2542 | D:4      | Lost mutation: You occasionally shout uncontrollably at
                  | your foes. [potion of mutation]
  2542 | D:4      | Gained mutation: Your mind is acute. (Int +4, Str/Dex -1)
                  | [potion of mutation]
  3017 | D:4      | Reached skill level 1 in Spellcasting
  3017 | D:4      | Reached skill level 1 in Transmutations
  3017 | D:4      | Reached XP level 6. HP: 28/53 MP: 4/7
  3799 | D:5      | Found a staircase to the Ecumenical Temple.
  4070 | Temple   | Entered the Ecumenical Temple
  4088 | Temple   | Became a worshipper of Ashenzari the Shackled
  4580 | D:5      | Your scales start taking on an icy white colour.
  4580 | D:5      | Reached XP level 7. HP: 49/60 MP: 8/10
  4580 | D:5      | Gained mutation: Your flesh is cold resistant. (rC+) [White
                  | Draconian growth]
  4619 | D:5      | Learned a level 3 spell: Ozocubu's Armour
  4656 | D:5      | Reached skill level 1 in Ice Magic
  5026 | D:5      | Reached skill level 5 in Fighting
  5557 | D:6      | Reached XP level 8. HP: 68/68 MP: 12/12
  5568 | D:6      | Noticed Edmund
  5599 | D:6      | Killed Edmund
  6191 | D:6      | Noticed Pikel
  6210 | D:6      | Killed Pikel
  6211 | D:6      | Reached skill level 5 in Short Blades
  6211 | D:6      | Reached skill level 5 in Ice Magic
  6211 | D:6      | Reached XP level 9. HP: 50/75 MP: 15/15
  6639 | D:6      | Found an opulent altar of Gozag.
  7029 | D:7      | Noticed Joseph
  7113 | D:7      | Slain by Joseph

Illustrated notes

Levels and vault maps discovered:
D:1:      arrival_aquarium_a, layout_loops_ring, minmay_split_cup_large
D:2:      layout_rooms, serial_shops, shop, uniq_jessica, uniq_terence
D:3:      layout_basic, ebering_ecumenical_altar_abandoned, minmay_starry_boxes
D:4:      layout_rooms, serial_rivers, chequers_serial_rivers_micro_c,
          chequers_serial_rivers_room_a, chequers_serial_rivers_micro_d,
          chequers_serial_rivers_room_b, chequers_serial_rivers_micro_b
D:5:      layout_cave_pools, minmay_temple_entry_ruins,
          chequers_serial_rivers_micro_e
D:6:      layout_rooms, kennysheep_mini_moat, kennysheep_small_circle,
          uniq_edmund, uniq_pikel
D:7:      layout_basic, mainiacjoe_overflow_concentric_impassable,
          uniq_menkaure, uniq_joseph
Temple:   nicolae_temple_bog_church

Skill      XL: |  1  2  3  4  5  6  7  8 |
---------------+-------------------------+-----
Dodging        | 2 3 4 |  4.5
Fighting       | 4 5 6 |  6.1
Stealth        | 5 6 |  6.4
Short Blades   | 3 4 5 |  5.1
Spellcasting   | 1 2 3 4 |  4.8
Transmutations | 1 2 |  2.5
Ice Magic      | 3 5 |  5.4

Action                     |  1- 3 |  4- 6 |  7- 9 || total
---------------------------+-------+-------+-------++-------
  Melee: Short sword       |   103 |   334 |   123 ||   560
         Tailslap          |    14 |    48 |    33 ||    95
         Punch             |     1 |     4 |     1 ||     6
         Flail             |       |       |    75 ||    75
  Throw: Boomerang         |       |    11 |     5 ||    16
         Dart              |       |     3 |     1 ||     4
   Cast: Wereblood         |       |     2 |     6 ||     8
         Ozocubu's Armour  |       |       |    12 ||    12
 Invoke: Curse Item        |       |       |     1 ||     1
Ability: Breathe Frost     |       |       |    11 ||    11
  Evoke: Wand              |       |       |     3 ||     3
    Use: Scroll            |     1 |    11 |     4 ||    16
         Potion            |       |     9 |     3 ||    12
   Stab: Sleeping          |     3 |    13 |     5 ||    21
         Distracted        |       |     1 |       ||     1
 Armour: Skin              |    49 |   202 |   168 ||   419
  Dodge: Dodged            |    66 |   181 |   128 ||   375

Table legend: (Time is in decaauts)
 A = Elapsed time spent in this place.
 B = Non-inter-level travel time spent in this place.
 C = Inter-level travel time spent in this place.
 D = Time resting spent in this place.
 E = Time spent auto-exploring this place.
 F = Levels seen in this place.
 G = Mean time per level.
                   A        B        C        D        E       F      G
               +--------+--------+--------+--------+--------+-----+--------+
         Total |   7085 |   6892 |    193 |   2444 |   2862 |   8 |  885.6 |
       Dungeon |   7051 |   6889 |    162 |   2444 |   2862 |   7 | 1007.3 |
        Temple |     34 |      4 |     30 |      0 |      0 |   1 |   34.0 |
               +--------+--------+--------+--------+--------+-----+--------+

Top non-repeatable levels by time:
     D:5: 1701 daAuts
     D:6: 1445 daAuts
     D:4: 1337 daAuts
     D:3: 918 daAuts
     D:1: 873 daAuts
     D:2: 502 daAuts
     D:7: 272 daAuts
  Temple: 34 daAuts
